 Dungeon Crawl Stone Soup version 0.29.1-15-g9cfb28693d (webtiles) character file.

Game seed: 6188811404685878704

1397 pokedragonboy the Destroyer (level 8, 0/41 HPs)
             Began as a Deep Elf Conjurer on Mar 10, 2023.
             Was a Follower of Sif Muna.
             Succumbed to a scorpion's poison
             ... on level 6 of the Dungeon.
             The game lasted 00:20:12 (6613 turns).

pokedragonboy the Destroyer (Deep Elf Conjurer)     Turns: 6613, Time: 00:20:13

Health: 0/41       AC:  2    Str:  4    XL:     8   Next: 41%
Magic:  11/20      EV: 12    Int: 38    God:    Sif Muna [*.....]
Gold:   394        SH:  0    Dex: 13    Spells: 7/21 levels left

rFire   . . .      SeeInvis .   h - staff of conjuration
rCold   . . .      Faith    .   (no shield)
rNeg    . . .      Spirit   .   a - +0 robe
rPois   .          Reflect  .   (no helmet)
rElec   .          Harm     .   (no cloak)
rCorr   .          Rampage  .   (no gloves)
Will    .....                   (no boots)
Stlth   ++........              (no amulet)
HPRegen 0.13/turn               i - +6 ring of intelligence
MPRegen 0.17/turn               e - +6 ring of intelligence

@: mighty, brilliant, lethally poisoned (0 -> -6), flying
A: no striking features
a: Renounce Religion, Channel Magic


You were on level 6 of the Dungeon.
You worshipped Sif Muna.
Sif Muna was aware of your devotion.
You visited 1 branch of the dungeon, and saw 6 of its levels.
You also visited: Ossuary.

You collected 411 gold pieces.
You spent 17 gold pieces at shops.

Inventory:

Hand Weapons
 c - a +0 dagger of holy wrath
 q - a +2 trident of pain
 D - the +10 mace "Liezxeqe" {drain, *Rage Will++ Int+4 Stlth+}
   (You found it on level 4 of the Dungeon)

   A truly terrible weapon, it drains the life of any living foe it strikes.
   Int:       It affects your intelligence (+4).
   *Rage:     It berserks you when you make melee attacks (+20% chance).
   Will:      It greatly increases your willpower.
   Stlth:     It makes you more stealthy.
Missiles
 n - 2 throwing nets
Armour
 a - a +0 robe (worn)
Magical Staves
 h - a staff of conjuration (weapon)
Jewellery
 e - a +6 ring of intelligence (right hand)
 i - a +6 ring of intelligence (left hand)
 o - a ring of protection from cold
 E - a +4 ring of slaying
Wands
 F - a wand of roots (7)
Scrolls
 f - a scroll of amnesia {unknown}
 g - a scroll of silence {unknown}
 k - a scroll of poison {unknown}
 r - a scroll of magic mapping {unknown}
 s - 2 scrolls of vulnerability
 t - a scroll of acquirement {unknown}
 y - 2 scrolls of immolation {unknown}
 B - a scroll of noise {unknown}
 C - a scroll of enchant weapon {unknown}
Potions
 b - 2 potions of magic
 p - a potion of ambrosia {unknown}
 u - a potion of invisibility {unknown}
 v - a potion of degeneration {unknown}
 w - 4 potions of brilliance
 x - a potion of haste {unknown}
 z - a potion of mutation {unknown}
 A - 2 potions of attraction
 G - a potion of heal wounds {unknown}


   Skills:
 - Level 3.0 Dodging
 - Level 2.4 Stealth
 + Level 7.2 Spellcasting
 * Level 9.1 Conjurations
 - Level 5.0 Hexes
 + Level 3.4 Invocations


You had 7 spell levels left.
You knew the following spells:

 Your Spells              Type           Power      Damage    Failure   Level
a - Magic Dart            Conj           100%       1d8       1%          1
b - Searing Ray           Conj           100%       2d8       1%          2
c - Fulminant Prism       Conj/Hex       50%        3d23      1%          4
d - Iskenderun's Mystic   Conj/Tloc      83%        2d16      4%          4
t - Tukima's Dance        Hex            67%        N/A       1%          3

Your spell library contained the following spells:

 Spells                   Type           Power      Damage    Failure   Level
 Dazzling Flash           Conj/Hex       100%       N/A       1%          3
 Passage of Golubria      Tloc           20%        N/A       26%         4
 Yara's Violent Unravell  Hex/Tmut       24%        3d11      26%         5


Dungeon Overview and Level Annotations

Branches:
Dungeon (6/15)            Ossuary (visited)
 Temple: D:4-7

Altars:
Dithmenos
Elyvilon
Sif Muna
Yredelemnul

Shops:
D:1 *   D:4 (=(*

Annotations:
D:4 Dowan


Message History

The +0 giant club dances into the air!
The ogre hits your +0 giant club but does no damage.
Unknown command.
The ogre closely misses your +0 giant club.
Your +0 giant club hits the ogre!
The ogre hits your +0 giant club.
Your +0 giant club hits the ogre!!
The ogre dies!
Sif Muna accepts your kill.
Your Conjurations skill increases to level 9!
You start resting.
A scorpion comes into view.
Your +0 giant club falls from the air.
Casting: Tukima's Dance (safe; 1% risk of failure)
Confirm with . or Enter, or press ? or * to list all spells.
Aiming: Searing Ray (safe; 1% risk of failure)
Press: ? - help, Shift-Dir - straight line, f - scorpion
Aim: a scorpion (83% to hit)
You feel a surge of power!
The searing ray hits the scorpion.
The scorpion is lightly wounded. (Press . to maintain the ray.)
The searing ray hits the scorpion!
The scorpion is heavily wounded.
The scorpion stings you!
* * * LOW HITPOINT WARNING * * *
You are lethally poisoned!
The scorpion poisons you!
It was a potion of brilliance.
You feel clever all of a sudden.
* * * LOW HITPOINT WARNING * * *
You feel very sick. The scorpion barely misses you. x2
It was a potion of might.
You feel very mighty all of a sudden.
* * * LOW HITPOINT WARNING * * *
You feel sick.
The scorpion stings you but does no damage.
It was a potion of flight.
You feel very buoyant.
You fly up into the air.
You die...

..))#
#....#
.(...g
##.#.##
..#.# #
†#####
####).....
#..s......
#.@).)....
#..)......
#.........
#.........
#.........
#.....####
#######


You could see a scorpion.

Vanquished Creatures
  Duvessa (D:4)
  A black bear (D:5)
  3 ogres
  A phantom (D:5)
  A scorpion (D:5)
  A necrophage (D:6)
  3 hounds
  An orc priest (D:3)
  2 gnoll boudas
  2 iguanas (D:5)
  Ijyb (D:5)
  An orc wizard (D:6)
  8 mummies (Ossuary)
  11 gnolls
  9 adders
  A white imp (D:5)
  A worm (D:2)
  2 dart slugs (D:1)
  12 orcs
  8 endoplasms
  3 giant cockroaches
  A gnoll zombie (Ossuary)
  A goblin (D:2)
  7 hobgoblins
  13 jackals
  4 quokkas
  2 ball pythons
  4 bats
  3 frilled lizards
  2 hobgoblin zombies (Ossuary)
  4 kobolds
  2 kobold zombies (Ossuary)
  3 orc zombies (Ossuary)
  7 rats
126 creatures vanquished.

Vanquished Creatures (collateral kills)
  An ogre (D:6)
1 creature vanquished.

Vanquished Creatures (others)
  13 fulminant prisms
13 creatures vanquished.

Grand Total: 140 creatures vanquished

Notes
Turn   | Place    | Note
-------+----------+-------------------------------------------
     0 | D:1      | pokedragonboy the Deep Elf Conjurer began the quest for the
                  | Orb.
     0 | D:1      | Reached XP level 1. HP: 10/10 MP: 6/6
   201 | D:1      | Reached XP level 2. HP: 15/15 MP: 5/8
   318 | D:1      | Reached skill level 1 in Hexes
   789 | D:1      | Found a faded altar of an unknown god.
   806 | D:1      | Reached XP level 3. HP: 14/19 MP: 1/9
   875 | D:1      | Learned a level 2 spell: Searing Ray
  1340 | D:1      | Found Lomp's Assorted Antiques.
  1464 | D:2      | Reached skill level 5 in Conjurations
  1859 | D:2      | Reached XP level 4. HP: 24/24 MP: 8/11
  3399 | D:4      | Found Kieh's Assorted Antiques.
  3403 | D:4      | Found Xyocousa's Antique Weapon Shop.
  3403 | D:4      | Found Doxte's Weapon Shop.
  3403 | D:4      | Found Touzxet's Jewellery Shoppe.
  3406 | D:4      | Reached XP level 5. HP: 25/28 MP: 9/13
  3439 | D:4      | Bought a scroll labelled RUPPUABILE for 17 gold pieces
  3452 | D:4      | Noticed Duvessa
  3560 | D:4      | Reached skill level 6 in Conjurations
  3591 | D:4      | Found a shimmering blue altar of Sif Muna.
  3598 | D:4      | Became a worshipper of Sif Muna the Loreminder
  3604 | D:4      | Found a shadowy altar of Dithmenos.
  3607 | D:4      | Found a basalt altar of Yredelemnul.
  3610 | D:4      | Found a white marble altar of Elyvilon.
  3699 | D:4      | Found a sand-covered staircase.
  3710 | Ossuary  | Entered an ossuary
  3728 | Ossuary  | Learned a level 4 spell: Fulminant Prism
  3819 | Ossuary  | Reached XP level 6. HP: 32/32 MP: 6/15
  3837 | Ossuary  | Reached skill level 5 in Spellcasting
  4515 | D:4      | Identified the +10 mace "Liezxeqe" {drain, *Rage Will++
                  | Int+4 Stlth+}
  4807 | D:4      | Killed Duvessa
  4808 | D:4      | Reached skill level 7 in Conjurations
  4808 | D:4      | Noticed Dowan
  4947 | D:5      | Entered Level 5 of the Dungeon
  4954 | D:5      | Reached XP level 7. HP: 36/36 MP: 9/17
  4964 | D:5      | Reached * piety under Sif Muna
  5495 | D:5      | Reached skill level 5 in Hexes
  5663 | D:5      | Reached skill level 1 in Invocations
  5734 | D:5      | Noticed Ijyb
  5737 | D:5      | Killed Ijyb
  5748 | D:5      | Reached skill level 8 in Conjurations
  5922 | D:5      | Reached XP level 8. HP: 41/41 MP: 11/19
  6336 | D:6      | Learned a level 4 spell: Iskenderun's Mystic Blast
  6340 | D:6      | Learned a level 3 spell: Tukima's Dance
  6551 | D:6      | HP: 1/41 [orc warrior/+0 halberd (13)]
  6607 | D:6      | Reached skill level 9 in Conjurations
  6612 | D:6      | HP: 1/41 [poisoned by a scorpion]
  6613 | D:6      | Succumbed to a scorpion's poison

Illustrated notes

Levels and vault maps discovered:
D:1:      saegor_arrival_simple_d, layout_basic, serial_shops,
          nicolae_shop_competitors_out_of_business,
          hellmonk_ecumenical_altar_dog_temple
D:2:      layout_loops_ring, chequers_jeans, minmay_crystal_room
D:3:      layout_loops_corners
D:4:      layout_basic, grunt_temple_overflow_cloverleaf,
          nicolae_ossuary_entry_ruins, nicolae_wooded_promenade, uniq_duvessa
D:5:      layout_layer_cave, nicolae_figureground_pulse, uniq_ijyb
D:6:      layout_basic

Skill      XL: |  1  2  3  4  5  6  7  8 |
---------------+-------------------------+-----
Hexes          | 1 2 3 4 5 |  5.0
Dodging        | 3 |  3.0
Conjurations   | 5 6 7 8 9 |  9.1
Spellcasting   | 4 5 6 7 |  7.2
Invocations    | 2 3 |  3.4
Stealth        | |  2.4

Action                   |  1- 3 |  4- 6 |  7- 9 || total
-------------------------+-------+-------+-------++-------
Melee: Staff             |     6 |       |     2 ||     8
 Cast: Magic Dart        |    76 |    55 |    15 ||   146
       Searing Ray       |     6 |    18 |     9 ||    33
       Fulminant Prism   |       |     6 |     7 ||    13
       Tukima's Dance    |       |       |     2 ||     2
       Iskenderun's Myst |       |       |     1 ||     1
  Use: Scroll            |       |     5 |     1 ||     6
       Potion            |       |     5 |     6 ||    11
Armor: Robe              |     1 |     1 |     1 ||     3
Dodge: Dodged            |     6 |    15 |    16 ||    37
